 Dungeon Crawl Stone Soup version 0.30-a0-726-gd89dcf765f (webtiles) character file.

Game seed: 14435950141021567218

1257 hikkokomori the Trooper (level 8, 0/43 HPs)
             Began as a Vine Stalker Fighter on Jan 30, 2023.
             Was a Believer of Okawaru.
             Slain by a troll (4 damage)
             ... on level 5 of the Dungeon.
             The game lasted 00:06:36 (4405 turns).

hikkokomori the Trooper (Vine Stalker Fighter)      Turns: 4405, Time: 00:06:36

Health: 0/43       AC: 11    Str: 19    XL:     8   Next: 51%
Magic:  0/9        EV: 10    Int:  8    God:    Okawaru [**....]
Gold:   357        SH:  5    Dex: 16    Spells: 7/7 levels left

rFire   . . .      SeeInvis .    a - +0 long sword
rCold   . . .      Faith    .    c - +0 buckler
rNeg    . . .      Spirit   +    b - +0 scale mail
rPois   .          Reflect  .    v - +0 helmet
rElec   .          Harm     .    (no cloak)
rCorr   .          Rampage  .    (no gloves)
Will    ++...                    (no boots)
Stlth   ++                       (no amulet)
HPRegen 1.07/turn                p - ring of willpower
MPRegen 0.11/turn                o - +4 ring of protection

@: no status effects
A: fangs 3, regeneration 1, magic shield, antimagic bite, no potion heal 2
a: Renounce Religion, Heroism


You were on level 5 of the Dungeon.
You worshipped Okawaru.
Okawaru was pleased with you.
You visited 2 branches of the dungeon, and saw 7 of its levels.
You also visited: Ossuary.

You collected 357 gold pieces.

Inventory:

Hand Weapons
 a - a +0 long sword (weapon)
Missiles
 t - 2 throwing nets (quivered)
 I - 3 silver boomerangs
Armour
 b - a +0 scale mail (worn)
 c - a +0 buckler (worn)
 v - a +0 helmet (worn)
 J - a +2 robe
Jewellery
 g - a ring of flight
 j - a ring of ice
 o - a +4 ring of protection (right hand)
 p - a ring of willpower (left hand)
Wands
 z - a wand of mindburst (22)
Scrolls
 e - a scroll of brand weapon {unknown}
 f - 5 scrolls of identify {unknown}
 h - 2 scrolls of fear {unknown}
 i - 3 scrolls of blinking {unknown}
 m - a scroll of silence {unknown}
 n - 2 scrolls of fog {unknown}
 q - 2 scrolls of poison {unknown}
 s - 4 scrolls of enchant armour {unknown}
 w - a scroll of teleportation {unknown}
 y - a scroll of vulnerability {unknown}
 C - 8 scrolls of noise
 D - 2 scrolls of amnesia {unknown}
Potions
 d - a potion of might
 k - 2 potions of invisibility {unknown}
 l - 3 potions of lignification {unknown}
 r - 2 potions of flight {unknown}
 u - 11 potions of degeneration
 x - 4 potions of attraction {unknown}
 A - a potion of haste {unknown}
 B - a potion of berserk rage {unknown}
 E - 3 potions of heal wounds {unknown}
 F - 2 potions of mutation
 G - a potion of ambrosia {unknown}
 H - a potion of resistance {unknown}


   Skills:
 + Level 5.3 Fighting
 + Level 4.8 Long Blades
 - Level 2.4 Armour
 - Level 2.2 Dodging
 + Level 4.9 Stealth
 - Level 5.3 Shields
 + Level 0.0 Invocations
 + Level 0.0 Evocations


You had 7 spell levels left.
You didn't know any spells.
Your spell library contained the following spells:

 Spells                   Type           Power      Damage    Failure   Level
 Summon Small Mammal      Summ           Unusable   N/A       N/A         1
 Call Canine Familiar     Summ           Unusable   N/A       N/A         3
 Summon Guardian Golem    Hex/Summ       Unusable   N/A       N/A         3

Dungeon Overview and Level Annotations

Branches:
Dungeon (6/15)             Temple (1/1) D:4         Ossuary (visited)

Altars:
Ashenzari
Dithmenos
Elyvilon
Fedhas
Gozag
Makhleb
Nemelex Xobeh
Okawaru
Sif Muna
Trog
Uskayaw
Vehumet
Wu Jian
Yredelemnul
Zin
The Shining One

Annotations:
D:2 1 runed translucent door, Crazy Yiuf


Innate Abilities, Weirdness & Mutations

You have razor-sharp teeth.
Your natural rate of healing is unusually fast.
When hurt, damage is shared between your health and your magic reserves.
Your bite disrupts and absorbs the magic of your enemies.
Potions cannot restore your health.


Message History

Where to? (Enter - D:4, ? - help)
What level of the Dungeon? (default 1, ? - help)
There is a stone staircase leading down here.
You climb downwards.
There is a stone staircase leading up here.
A troll is nearby!
The troll shouts!
Aiming: Mindburst
Press: ? - help, Shift-Dir - straight line, f - troll
Aim: a troll (chance to affect: 64%)
The troll struggles to resist.
You fail to use your ability.
A wight comes into view. It is wielding a +4 long sword.
You hit the troll. You bite the troll! You drain its power.
The troll is moderately wounded.
You block the troll's attack. The troll claws you but does no damage.
You block the troll's attack.
A wight comes into view. It is wielding a +0 dire flail.
You hit the troll but do no damage. Your bite misses the troll.
The troll is moderately wounded.
The troll barely misses you. x2; The troll claws you but does no damage.
You slash the troll!
The troll is moderately wounded.
The troll bites you but does no damage. The troll claws you!
The troll barely misses you.
A wight comes into view.
It is wielding a +4 falchion of freezing.
There is a stone staircase leading up here.
The troll bites you! The troll claws you! You block the troll's attack.
You climb upwards.
There is a stone staircase leading down here.
You hit the troll.
The troll is heavily wounded.
The troll bites you! The troll claws you!
* * * LOW HITPOINT WARNING * * *
The troll claws you!
* * * LOW HITPOINT WARNING * * *
You slash the troll!
The troll is severely wounded.
The troll misses you. The troll claws you.
You die...

#.........##.# ##.....##
### #.......####.#
#......# #.. #.....###
##.####......## #+#
#######
##...........>.####.#
###...............##...
###.......########.##....
##....#....# #.....8.
###...###....# #####... #
####.....###..@.# #...
###.............T.# #...
........))........# #.<.
#...###...........# #...
#...######........## ####
##.................#
#.................#
#.................## ##
#..................##
########.


You could see a troll.

Vanquished Creatures
  A black bear (D:4)
  An ogre (D:5)
  A phantom (D:5)
  Blork the orc (D:5)
  2 necrophages (D:4)
  5 scorpions
  A jelly (D:4)
  2 centaur zombies (Ossuary)
  A hound (D:4)
  An orc priest (D:5)
  An iguana (D:4)
  3 mummies (Ossuary)
  6 gnolls
  12 adders
  3 ufetubi
  2 worms (D:4)
  4 dart slugs
  16 orcs
  5 bats
  8 endoplasms
  4 giant cockroaches
  A gnoll zombie (Ossuary)
  5 goblins
  4 hobgoblins
  8 jackals
  5 quokkas
  3 ball pythons
  3 frilled lizards
  2 hobgoblin zombies (Ossuary)
  2 kobolds
  3 kobold zombies (Ossuary)
  7 rats
123 creatures vanquished.

Notes
Turn   | Place    | Note
-------+----------+-------------------------------------------
     0 | D:1      | hikkokomori the Vine Stalker Fighter began the quest for
                  | the Orb.
     0 | D:1      | Reached XP level 1. HP: 11/11 MP: 2/2
   161 | D:1      | Reached XP level 2. HP: 14/16 MP: 3/3
   688 | D:1      | Reached XP level 3. HP: 20/20 MP: 4/4
   760 | D:1      | Reached skill level 1 in Dodging
  1358 | D:2      | Gained mutation: Your natural rate of healing is unusually
                  | fast. [Vine Stalker growth]
  1358 | D:2      | Reached XP level 4. HP: 24/24 MP: 5/5
  1369 | D:2      | Found a runed translucent door.
  1370 | D:2      | Noticed Crazy Yiuf
  2151 | D:4      | Found a staircase to the Ecumenical Temple.
  2189 | Temple   | Entered the Ecumenical Temple
  2212 | Temple   | Became a worshipper of Warmaster Okawaru
  2358 | D:4      | Reached XP level 5. HP: 28/28 MP: 6/6
  2501 | D:4      | Noticed a black bear
  2511 | D:4      | Killed a black bear
  2512 | D:4      | Reached XP level 6. HP: 32/33 MP: 5/7
  2670 | D:4      | Reached skill level 1 in Stealth
  2736 | D:4      | Reached * piety under Okawaru
  2737 | D:4      | Reached XP level 7. HP: 36/37 MP: 6/8
  2773 | D:4      | Found an ornate altar of the Wu Jian Council.
  2773 | D:4      | Found a broken altar of Ashenzari.
  2774 | D:4      | Found a shimmering blue altar of Sif Muna.
  2775 | D:4      | Found an opulent altar of Gozag.
  2775 | D:4      | Found a bloodstained altar of Trog.
  2775 | D:4      | Found a basalt altar of Yredelemnul.
  2776 | D:4      | Found a burning altar of Makhleb.
  2777 | D:4      | Found a glowing silver altar of Zin.
  2777 | D:4      | Found a white marble altar of Elyvilon.
  2779 | D:4      | Found a blossoming altar of Fedhas.
  3248 | D:5      | Entered Level 5 of the Dungeon
  3260 | D:5      | Found a sand-covered staircase.
  3265 | Ossuary  | Entered an ossuary
  3593 | D:5      | Gained mutation: You have razor-sharp teeth. [Vine Stalker
                  | growth]
  3593 | D:5      | Reached XP level 8. HP: 32/42 MP: 9/9
  3723 | D:5      | Reached ** piety under Okawaru
  3724 | D:5      | Reached skill level 5 in Shields
  3730 | D:5      | Reached skill level 5 in Fighting
  3798 | D:5      | Noticed Blork the orc
  3810 | D:5      | Killed Blork the orc
  4394 | D:6      | Noticed a troll
  4404 | D:5      | HP: 2/43 [troll (6)]
  4405 | D:5      | Slain by a troll

Illustrated notes

Levels and vault maps discovered:
D:1:      elethiomel_arrival_infinity_welcomes_careful_drivers, layout_basic,
          minmay_crystal_water
D:2:      minmay_chambers_of_twos, layout_rooms, uniq_crazy_yiuf_cottage
D:3:      layout_loops_ring, grunt_decor_mini_mirrors,
          kennysheep_cross_bottleneck
D:4:      cheibrodos_barr_body, layout_cave_pods, nicolae_overflows_in_rows,
          minmay_temple_entry_mist, minmay_misc_feat_enclosed
D:5:      layout_cave_pods, enter_ossuary_5, grunt_ministairs_14,
          nicolae_underground_beach, uniq_blork_the_orc
D:6:      layout_loops_corners, kennysheep_slug_shrine
Temple:   eino_wide_crystal_templ

Skill      XL: |  1  2  3  4  5  6  7  8 |
---------------+-------------------------+-----
Long Blades    | 2 3 4 |  4.8
Fighting       | 3 4 5 |  5.3
Shields        | 3 4 5 |  5.3
Dodging        | 1 2 |  2.2
Stealth        | 2 3 4 |  4.9
Armour         | |  2.4

Action                     |  1- 3 |  4- 6 |  7- 9 || total
---------------------------+-------+-------+-------++-------
  Melee: Long sword        |   107 |   173 |   140 ||   420
         Bite              |    17 |    45 |    51 ||   113
  Throw: Boomerang         |       |       |     3 ||     3
  Evoke: Wand              |       |       |     1 ||     1
   Stab: Distracted        |       |       |     1 ||     1
 Armour: Scale mail        |    58 |   113 |    66 ||   237
  Dodge: Dodged            |    58 |   104 |    78 ||   240
  Block: Buckler           |    36 |    47 |    38 ||   121

Table legend: (Time is in decaauts)
 A = Elapsed time spent in this place.
 B = Non-inter-level travel time spent in this place.
 C = Inter-level travel time spent in this place.
 D = Time resting spent in this place.
 E = Time spent auto-exploring this place.
 F = Levels seen in this place.
 G = Mean time per level.
                   A        B        C        D        E       F      G
               +--------+--------+--------+--------+--------+-----+--------+
         Total |   4532 |   4423 |    109 |     41 |   3229 |   8 |  566.5 |
       Dungeon |   4236 |   4160 |     76 |     35 |   3218 |   6 |  706.0 |
        Temple |     39 |      6 |     33 |      0 |      0 |   1 |   39.0 |
       Ossuary |    255 |    255 |      0 |      6 |     11 |   1 |  255.0 |
               +--------+--------+--------+--------+--------+-----+--------+

Top non-repeatable levels by time:
     D:4: 1061 daAuts
     D:1: 949 daAuts
     D:5: 919 daAuts
     D:3: 742 daAuts
     D:2: 554 daAuts
 Ossuary: 255 daAuts
  Temple: 39 daAuts
     D:6: 9 daAuts
